 Dungeon Crawl Stone Soup version 0.16.0-18-g484a79e (console) character file.

21 gw the Grave Robber (level 2, -1/20 HPs)
             Began as a Demigod Necromancer on Mar 22, 2015.
             Slain by a worm (4 damage)
             ... on level 2 of the Dungeon.
             The game lasted 00:01:06 (1550 turns).

gw the Grave Robber (Demigod Necromancer)           Turns: 1550, Time: 00:01:06

Health: -1/20      AC:  4    Str: 11    XL:     2   Next: 48%
Magic:  0/5        EV: 12    Int: 19    God:
Gold:   27         SH:  0    Dex: 16    Spells: 2 memorised, 3 levels left

rFire  . . .     SeeInvis .     a - +0 short sword
rCold  . . .     Clarity  .     f - +0 leather armour
rNeg   . . .     SustAb   +     (no shield)
rPois  .         Gourm    .     (helmet restricted)
rElec  .         Spirit   .     k - +0 cloak
rCorr  .         Warding  .     (no gloves)
rMut   .         Stasis   .     (no boots)
MR     .....                    (no amulet)
Stlth  ++........               (no ring)
                                (no ring)

@: not resistant to hostile enchantments, unstealthy
A: horns 1, sustain abilities
a: no special abilities


You were on level 2 of the Dungeon.
You were very hungry.

You visited 1 branch of the dungeon, and saw 2 of its levels.

You collected 27 gold pieces.

Inventory:

Hand weapons
 a - a +0 short sword (weapon)
Missiles
 d - 46 stones (quivered)
 m - 16 arrows
Armour
 f - a +0 leather armour (worn)
 k - a +0 cloak (worn)
Scrolls
 e - a scroll of remove curse
 h - 2 scrolls of identify
 j - a scroll of blinking
Books
 b - a book of Necromancy

   Spells                             Type                      Level
   a - Pain                           Necromancy                   1
   b - Animate Skeleton               Necromancy                   1
   c - Vampiric Draining              Necromancy                   3
   d - Regeneration                   Charms/Necromancy            3
   e - Animate Dead                   Necromancy                   4
   f - Control Undead                 Necromancy                   4
Comestibles
 c - 2 bread rations
 i - a meat ration
 l - 5 fruits
 n - a beef jerky


   Skills:
 + Level 0.0 Fighting
 + Level 0.0 Short Blades
 + Level 1.2 Armour
 - Level 1.7 Dodging
 - Level 1.7 Stealth
 * Level 2.1 Spellcasting
 + Level 3.8 Necromancy


You had 3 spell levels left.
You knew the following spells:

 Your Spells              Type           Power        Failure   Level  Hunger
a - Pain                  Necr           ###.         6%          1    #......
b - Animate Skeleton      Necr           N/A          6%          1    #......


Dungeon Overview and Level Annotations

Branches:
Dungeon (2/15)


Innate Abilities, Weirdness & Mutations

Your attributes are resistant to harm.
You have a pair of small horns on your head.


Message History

The worm barely misses you.
Unknown command.
Unknown command.
Unknown command.
Unknown command.
Casting: Pain
Confirm with . or Enter, or press ? or * to list all spells.
Aiming: Pain
Press: ? - help, Shift-Dir - straight line, f/p - worm
Aim: a worm (heavily wounded, chance 81%)
The worm barely resists.
Unknown command.
Unknown command.
Unknown command.
Unknown command.
ATTACKING (0,1)
You hit the worm.
The worm is severely wounded.
The worm bites you.
You die...

#### #..# #..####
#+####.....# #.
#.#.....##.#
##...#...######p#
.............<#w#
###...##.######.#
#.. #.# #.# #.
#.# #.# # #.# #.#
#.# #.# #.. ...
#.# #.#


You could see a worm.

Table legend:
 A = Turns spent in this place as a percentage of turns spent in the entire game.
 B = Non-inter-level travel turns spent in this place as a percentage of non-inter-level travel turns spent in the entire game.
 C = Inter-level travel turns spent in this place as a percentage of turns spent in this place.
 D = Turns resting spent in this place as a percentage of non-inter-level travel turns spent in this place.
 E = Turns spent auto-exploring this place as a percentage of non-inter-level travel turns spent in this place.
 F = Non-inter-level travel turns spent in this place divided by the number of levels of this place that you've seen.
                   A       B       C       D       E      F
               +-------+-------+-------+-------+-------+----------------------
         Total | 100.0 | 100.0 |   0.9 |   4.8 |   2.6 | 732.5
       Dungeon | 100.0 | 100.0 |   0.9 |   4.8 |   2.6 | 732.5
               +-------+-------+-------+-------+-------+----------------------

Table legend:
 A = Kills in this place as a percentage of kills in entire the game.
 B = Kills by you in this place as a percentage of kills by you in the entire game.
 C = Kills by friends in this place as a percentage of kills by friends in the entire game.
 D = Other kills in this place as a percentage of other kills in the entire game.
 E = Experience gained in this place as a percentage of experience gained in the entire game.
 F = Experience gained in this place divided by the number of levels of this place that you have seen.
                   A       B       C       D       E      F
               +-------+-------+-------+-------+-------+----------------------
         Total | 100.0 | 100.0 | 100.0 |  -nan | 100.0 |  15.5
       Dungeon | 100.0 | 100.0 | 100.0 |  -nan | 100.0 |  15.5
               +-------+-------+-------+-------+-------+----------------------

Vanquished Creatures
  A bat (D:1)
  2 giant cockroaches (D:1)
  3 goblins (D:1)
  A hobgoblin (D:2)
  2 kobolds (D:1)
  5 rats
14 creatures vanquished.

Vanquished Creatures (collateral kills)
  An adder (D:1)
  A giant cockroach (D:1)
  A hobgoblin (D:1)
  A rat (D:1)
4 creatures vanquished.

Vanquished Creatures (others)
  A goblin skeleton (D:1)
  2 kobold skeletons (D:1)
  A rat skeleton (D:1)
  5 toadstools (D:1)
9 creatures vanquished.

Grand Total: 27 creatures vanquished

Notes
Turn   | Place    | Note
--------------------------------------------------------------
     0 | D:1      | gw, the Demigod Necromancer, began the quest for the Orb.
     0 | D:1      | Reached XP level 1. HP: 14/14 MP: 3/3
     2 | D:1      | Learned a level 1 spell: Animate Skeleton
   645 | D:1      | Reached skill level 1 in Armour
   725 | D:1      | Reached XP level 2. HP: 12/20 MP: 0/4
  1473 | D:1      | Gained mutation: You have a pair of small horns on your head. [potion of beneficial mutation]
  1550 | D:2      | Slain by a worm

Action                   || total
-------------------------++-------
Melee: Short sword       ||     6
 Cast: Pain              ||    38
       Animate Skeleton  ||     6
  Use: Scroll            ||     4
       Potion            ||     2
  Eat: Chunk             ||     1

Vault maps used:
D:1:      ldierk_walled_garden, hangedman_decor_slide_cut
D:2:      grunt_gozag_breadcrumbs, kennysheep_generic_room_8, uniq_jessica,
          uniq_iyjb
